Map: Monte Asper

Players

Codiac

  • Race: Terran Terran
  • League: Gold

grue

  • Race: Zerg Zerg

Gaadek

  • Race: Zerg Zerg

pes

  • Race: Zerg Zerg

Nymeris - Winner!

  • Race: Protoss Protoss
  • League: Silver

Jhyrachy - Winner!

  • Race: Zerg Zerg
  • League: Gold

Ragnar - Winner!

  • Race: Zerg Zerg

Feanor - Winner!

  • Race: Zerg Zerg

VOD

Have the link to the VOD?

Description

Time

  • Played on: May 20, 2016, 4:12 p.m.
  • Length: 12:42
Show
View Real Time Build Order
Export as new Build Order

Codiac Terran 

Build Orders:  

Get SALT Encoding   

  12  0:01  SCV  
  13  0:13  SCV  
  14  0:20  Supply Depot  
  14  0:25  SCV  
  15  0:32  Refinery  
  15  0:41  SCV  
  16  0:48  Barracks  
  16  0:54  SCV  
  17  1:06  Supply Depot, SCV  
  18  1:18  SCV  
  19  1:30  SCV  
  19  1:31  Refinery  
  20  1:44  Barracks Tech Lab  
  20  1:47  Factory  
  20  1:50  Orbital Command  
  20  2:22  SCV  
  21  2:29  Engineering Bay  
  21  2:36  SCV  
  22  2:37  Supply Depot  
  22  2:42  Barracks Reactor, Siege Tank  
  25  2:49  SCV  
  26  3:02  Missile Turret  
  26  3:03  SCV  
  27  3:14  Siege Tank  
  27  3:15  Missile Turret, SCV  
  31  3:22  Marine x2  
  33  3:27  SCV  
  33  3:32  Supply Depot  
  34  3:39  Marine  
  34  3:40  Marine  
  36  3:46  SCV  
  36  3:47  Missile Turret  
  37  3:59  Command Center  
  37  4:01  Siege Tank  
  40  4:25  Supply Depot  
  40  4:47  Starport  
  40  4:50  Armory  
  40  4:55  Starport  
  40  5:20  Supply Depot x2  
  40  5:35  Missile Turret  
  40  5:43  Supply Depot x2  
  37  5:57  Missile Turret  
  28  6:07  Supply Depot x2  
  22  6:17  Missile Turret  
  14  6:25  Orbital Command  
  11  6:48  Siege Tank  
  11  6:52  SCV  
  11  6:53  SCV  
  16  7:10  Missile Turret  
  16  7:14  Missile Turret  
  16  7:20  Siege Tank  
  19  7:27  Starport Tech Lab  
  19  7:28  Starport Reactor  
  19  7:48  Liberator, SCV x2  
  21  7:52  Siege Tank  
  24  8:00  SCV x2  
  29  8:08  Marine x2  
  31  8:26  Marine x2, SCV x2  
  35  8:29  Refinery  
  35  8:32  Refinery  
  35  8:38  SCV x2  
  35  8:40  Liberator  
  31  8:43  Marine  
  31  8:44  Marine  
  32  8:50  SCV  
  32  8:51  SCV  
  33  8:58  Missile Turret  
  33  9:01  Liberator, Marine  
  33  9:02  Marine, SCV  
  39  9:03  SCV  
  40  9:14  SCV  
  40  9:15  SCV  
  42  9:19  Marine  
  42  9:20  Marine  
  47  9:24  Refinery, Missile Turret  
  47  9:26  SCV  
  47  9:27  SCV  
  49  9:37  Refinery, Liberator  
  49  9:38  SCV  
  50  9:53  Supply Depot  
  50  9:58  Liberator x2  
  53  10:12  Missile Turret  
  59  10:25  Supply Depot  
  59  10:32  Terran Ship Weapons Level 1  
  59  10:35  Liberator  
  59  10:37  SCV x2  
  59  10:41  Liberator  
Show
View Real Time Build Order
Export as new Build Order

grue Zerg 

Build Orders: Pool First 

Get SALT Encoding   

  12  0:12  Drone x2  
  14  0:23  Extractor  
  13  0:30  Spawning Pool  
  13  0:33  Drone  
  13  0:42  Overlord  
  14  0:57  Drone  
  14  1:01  Drone  
  15  1:04  Drone  
  16  1:19  Zergling x2, Queen  
  16  1:21  Zergling x2  
  20  1:31  Zergling x2  
  21  1:58  Metabolic Boost  
  21  2:01  Zergling x2  
  22  2:03  Overlord  
  22  2:08  Spine Crawler  
  21  2:23  Zergling x6  
  24  2:32  Queen  
  26  2:50  Hatchery  
  26  2:58  Drone x2  
  26  3:03  Drone  
  28  3:12  Drone x2  
  30  3:23  Spore Crawler  
  29  3:27  Drone  
  29  3:31  Overlord  
  26  4:24  Lair  
  26  4:25  Zergling x6  
  26  4:26  Zergling x2  
  26  4:29  Queen  
  26  4:30  Drone x2  
  26  4:31  Drone  
  32  4:49  Zergling x4  
  34  4:54  Drone x2  
  36  5:02  Zergling x4  
  36  5:03  Zergling x4  
  40  5:10  Zergling x2  
  41  5:15  Zergling x4  
  43  5:28  Spire  
  43  5:31  Extractor  
  43  5:33  Drone x2  
  43  5:39  Spore Crawler  
  43  5:41  Extractor  
  41  5:43  Spore Crawler  
  41  5:47  Extractor, Drone  
  41  5:48  Drone x2  
  34  6:51  Mutalisk x3  
  40  6:58  Mutalisk  
  40  7:00  Overlord x2  
  39  7:32  Mutalisk  
  39  7:33  Mutalisk x3  
  43  7:40  Drone x6  
  43  7:54  Spore Crawler  
  43  7:56  Spore Crawler  
  41  8:00  Spore Crawler  
  35  8:17  Mutalisk x2  
  36  9:06  Overlord x2  
  36  9:07  Overlord x2  
  36  9:22  Hatchery  
  33  9:34  Mutalisk x2  
  33  9:37  Overseer  
  37  10:18  Zergling x10  
  37  10:19  Zergling x2  
  43  11:17  Mutalisk x2  
  33  11:52  Mutalisk  
Show
View Real Time Build Order
Export as new Build Order

Gaadek Zerg 

Build Orders: Hatch First 

Get SALT Encoding   

  12  0:02  Drone  
  13  0:15  Drone  
  13  0:20  Overlord  
  14  0:42  Hatchery  
  13  0:46  Drone  
  14  1:05  Spawning Pool  
  14  1:07  Extractor  
  14  1:08  Drone  
  13  1:13  Drone  
  13  1:18  Drone  
  15  1:30  Drone  
  15  1:31  Drone  
  17  1:41  Drone  
  18  1:52  Queen  
  20  1:59  Drone x2  
  22  2:05  Zergling x2  
  22  2:08  Zergling x2  
  24  2:14  Metabolic Boost  
  24  2:17  Zergling x4  
  26  2:24  Overlord  
  26  2:30  Zergling x2  
  27  2:41  Queen  
  27  2:44  Spore Crawler  
  28  2:46  Zergling x4  
  28  2:51  Zergling x2  
  31  2:53  Zergling x2  
  32  2:58  Zergling x2  
  32  3:02  Zergling x2  
  34  3:07  Zergling x4  
  34  3:12  Overlord  
  36  3:18  Overlord  
  36  3:29  Lair  
  36  3:33  Drone  
  37  3:35  Drone  
  37  3:38  Zergling x2  
  40  3:41  Drone  
  40  3:51  Drone x2  
  40  3:52  Drone  
  40  3:53  Drone  
  34  4:49  Queen  
  34  4:50  Drone  
  34  4:51  Drone x5  
  41  4:58  Spire  
  40  5:01  Extractor  
  40  5:02  Extractor  
  40  5:06  Extractor, Drone x2  
  39  5:19  Drone  
  39  5:20  Drone x2  
  39  5:21  Drone x2  
  44  5:33  Drone x2  
  46  5:41  Drone  
  47  5:47  Hatchery  
  46  6:05  Zergling x2  
  46  6:06  Zergling x10  
  52  6:14  Spore Crawler x2  
  50  6:19  Overlord  
  50  6:20  Overlord x4  
  42  6:36  Mutalisk  
  42  6:37  Mutalisk x3  
  42  6:38  Mutalisk  
  48  7:06  Mutalisk  
  48  7:07  Mutalisk x3  
  52  7:21  Drone  
  52  7:22  Drone x7  
  55  7:50  Mutalisk x2  
  59  8:03  Spawning Pool  
  58  8:11  Hatchery  
  58  8:12  Mutalisk  
  59  8:18  Overlord x5  
  59  8:19  Overlord  
  57  8:40  Extractor  
  52  9:08  Mutalisk x3  
  60  9:35  Lair  
  58  9:39  Spore Crawler  
  58  9:43  Spore Crawler  
  56  9:57  Spore Crawler  
  55  10:03  Queen  
  57  10:12  Mutalisk x2  
  57  10:13  Spore Crawler, Mutalisk  
  60  10:14  Spore Crawler  
  60  10:16  Spore Crawler  
  57  10:21  Drone  
  57  10:22  Drone  
  57  10:24  Drone  
  57  10:27  Drone x5  
  65  10:37  Spore Crawler  
  65  10:39  Spore Crawler  
  65  10:42  Extractor  
  62  12:05  Hatchery  
Show
View Real Time Build Order
Export as new Build Order

pes Zerg 

Build Orders: Hatch First 

Get SALT Encoding   

  12  0:03  Drone  
  13  0:14  Overlord  
  13  0:19  Drone  
  14  0:33  Drone  
  15  0:48  Hatchery  
  14  0:52  Drone  
  14  0:55  Drone  
  16  1:07  Drone  
  17  1:11  Extractor  
  16  1:20  Spawning Pool  
  16  1:23  Drone  
  16  1:24  Drone  
  17  1:52  Drone x2  
  17  1:54  Overlord  
  19  2:06  Queen, Drone  
  22  2:08  Queen  
  24  2:16  Drone x2  
  24  2:20  Drone  
  27  2:37  Drone x2  
  29  2:45  Zergling x4  
  29  2:51  Metabolic Boost  
  31  2:56  Drone  
  31  2:57  Drone  
  33  3:00  Zergling x4  
  35  3:12  Drone  
  36  3:14  Overlord  
  36  3:31  Overlord  
  36  3:32  Overlord  
  36  3:34  Drone x2  
  38  3:41  Drone x3  
  38  3:42  Drone  
  38  3:45  Extractor  
  41  3:48  Lair  
  41  4:01  Spore Crawler  
  41  4:02  Queen  
  42  4:21  Drone x3  
  42  4:22  Drone x2  
  47  4:26  Extractor x2  
  47  4:29  Drone  
  46  4:39  Evolution Chamber  
  46  4:41  Evolution Chamber  
  46  4:42  Roach Warren  
  43  4:51  Drone x3  
  47  5:00  Drone x2  
  47  5:02  Overlord x2  
  47  5:06  Zerg Missile Weapons Level 1  
  48  5:07  Zerg Ground Armor Level 1  
  48  5:22  Spore Crawler  
  48  5:23  Drone x4  
  51  5:29  Spore Crawler  
  50  5:38  Spore Crawler, Glial Reconstitution  
  49  6:02  Roach  
  49  6:03  Roach x9  
  65  6:26  Spore Crawler  
  64  6:50  Spore Crawler  
  63  7:06  Roach x2  
  63  7:07  Overlord  
  63  7:08  Overlord x2  
  67  7:40  Queen  
  67  7:42  Hydralisk Den  
  68  8:09  Roach x5  
  68  8:10  Roach x3  
  84  8:53  Muscular Augments  
  84  8:56  Overlord x4  
  84  9:05  Zerg Missile Weapons Level 2  
  84  9:06  Zerg Ground Armor Level 2  
  82  9:26  Hydralisk x2  
  82  9:27  Hydralisk x8  
  102  9:41  Spore Crawler  
  102  9:42  Pneumatized Carapace  
  102  9:43  Overseer  
  102  9:45  Overseer  
  101  9:56  Hydralisk x2  
  105  10:02  Overlord x3  
  105  10:24  Hydralisk x3  
  105  10:25  Hydralisk x6  
  93  11:26  Overseer  
  93  11:28  Overseer  
  93  11:34  Hydralisk x4  
  93  11:35  Hydralisk x5  
Show
View Real Time Build Order
Export as new Build Order

Nymeris Protoss - Winner!

Build Orders:  

Get SALT Encoding   

  12  0:01  Probe (Chrono Boost)  
  13  0:15  Pylon  
  13  0:32  Probe (Chrono Boost)  
  13  0:35  Gateway  
  14  0:52  Assimilator, Probe (Chrono Boost)  
  15  1:03  Probe (Chrono Boost), Gateway  
  16  1:11  Pylon  
  16  1:17  Probe (Chrono Boost)  
  17  1:38  Probe (Chrono Boost)  
  17  1:46  Cybernetics Core  
  17  1:49  Probe (Chrono Boost)  
  17  1:51  Zealot  
  19  2:02  Probe (Chrono Boost)  
  19  2:03  Gateway  
  20  2:15  Probe (Chrono Boost)  
  21  2:23  Warp Gate (Chrono Boost), Stalker  
  23  2:44  Pylon  
  23  2:53  Stalker, Forge  
  25  3:06  Gateway  
  25  3:07  Gateway  
  25  3:14  Pylon  
  25  3:30  Protoss Ground Weapons Level 1 (Chrono Boost)  
  25  3:34  Gateway  
  25  3:44  Probe  
  26  3:48  Photon Cannon  
  26  3:58  Photon Cannon  
  20  4:29  Nexus, Sentry x2  
  24  4:36  Pylon  
  24  4:39  Probe  
  25  4:47  Assimilator  
  25  5:00  Probe  
  26  5:14  Probe  
  27  5:15  Protoss Ground Armor Level 1 (Chrono Boost)  
  27  5:19  Gateway  
  27  5:22  Photon Cannon  
  27  5:33  Probe  
  28  5:39  Probe, Twilight Council  
  29  5:48  Probe  
  29  5:49  Probe  
  31  6:00  Probe x2  
  33  6:10  Probe  
  33  6:13  Probe  
  35  6:28  Dark Shrine  
  35  6:35  Pylon  
  35  6:42  Probe  
  35  6:43  Probe  
  37  6:47  Assimilator  
  37  6:49  Robotics Facility  
  37  6:51  Assimilator  
  37  6:52  Probe  
  38  6:55  Probe  
  38  7:01  Protoss Shields Level 1 (Chrono Boost)  
  39  7:04  Probe  
  39  7:07  Probe  
  41  7:10  Robotics Facility  
  41  7:12  Zealot  
  41  7:15  Zealot, Probe  
  46  7:33  Stalker x4  
  54  7:56  Probe  
  54  7:57  Probe  
  56  8:02  Immortal  
  56  8:04  Zealot x2  
  56  8:05  Zealot x4  
  72  8:21  Observer  
  73  8:47  Probe  
  73  8:49  Probe  
  71  8:56  Dark Templar x3  
  71  8:57  Dark Templar  
  71  9:04  Immortal  
  73  9:27  Protoss Ground Armor Level 2 (Chrono Boost), Nexus  
  73  9:29  Pylon  
  73  9:32  Pylon  
  73  9:41  Immortal  
  77  9:47  Charge (Chrono Boost)  
  77  10:00  Dark Templar  
  77  10:05  Pylon  
  79  10:07  Pylon  
  79  10:08  Assimilator  
  79  10:12  Assimilator  
  79  10:13  Photon Cannon  
  79  10:14  Photon Cannon  
  79  10:17  Dark Templar  
  79  10:19  Gateway  
  69  10:49  Dark Templar x3  
  73  10:50  Dark Templar  
  73  10:52  Zealot x3  
  71  11:07  Archon x2  
  71  11:20  Immortal (Chrono Boost)  
  71  11:21  Immortal (Chrono Boost)  
  79  11:30  Probe  
  79  11:31  Probe  
  81  11:39  Dark Templar  
  83  11:41  Zealot x2  
  83  11:42  Dark Templar  
  73  12:25  Dark Templar x4  
  73  12:27  Zealot  
  73  12:28  Zealot x3  
  73  12:29  Archon x2  
Show
View Real Time Build Order
Export as new Build Order

Jhyrachy Zerg - Winner!

Build Orders: Pool First 

Get SALT Encoding   

  12  0:03  Drone  
  13  0:14  Drone  
  13  0:17  Overlord  
  14  0:33  Overlord  
  14  0:50  Drone  
  14  0:51  Drone x2  
  14  0:56  Extractor  
  16  0:57  Spawning Pool  
  16  1:03  Drone  
  16  1:15  Drone  
  17  1:33  Drone  
  17  1:36  Hatchery  
  17  1:40  Drone  
  17  1:46  Queen  
  18  1:50  Drone  
  21  1:56  Drone  
  22  2:23  Drone x2  
  22  2:24  Extractor  
  22  2:25  Lair  
  23  2:31  Drone  
  24  2:38  Drone  
  25  2:49  Queen  
  27  2:57  Drone x3  
  27  2:58  Drone x2  
  32  3:29  Spire  
  32  3:32  Extractor  
  30  3:35  Extractor  
  30  3:38  Drone x3  
  30  3:39  Drone x4  
  30  3:41  Overlord  
  36  3:42  Overlord  
  36  3:59  Overlord  
  36  4:15  Drone x3  
  36  4:16  Drone x5  
  44  4:35  Overlord x2  
  44  4:41  Mutalisk x6  
  56  4:57  Zerg Flyer Weapons Level 1  
  56  5:11  Queen  
  56  5:14  Mutalisk x3  
  58  5:21  Metabolic Boost  
  64  5:50  Mutalisk x3  
  68  6:53  Mutalisk  
  70  6:54  Mutalisk x3  
  74  7:13  Mutalisk  
  76  7:50  Overlord x2  
  76  8:18  Mutalisk x6  
  76  8:19  Mutalisk x2  
  92  8:21  Overlord  
  92  8:22  Overlord  
  92  8:26  Hatchery  
  91  9:00  Mutalisk x7  
  105  9:03  Mutalisk  
  107  9:27  Zerg Flyer Weapons Level 2  
  107  10:35  Extractor  
  106  10:36  Extractor  
  106  10:40  Drone x2  
  106  10:41  Drone x2  
  106  10:42  Overlord x2, Drone x2  
  111  10:43  Overlord x4  
  111  10:44  Pneumatized Carapace  
  109  12:00  Mutalisk  
  111  12:01  Mutalisk x13  
  111  12:02  Mutalisk x5  
Show
View Real Time Build Order
Export as new Build Order

Ragnar Zerg - Winner!

Build Orders: Pool First 

Get SALT Encoding   

  12  0:03  Drone  
  13  0:12  Overlord  
  13  0:20  Drone  
  14  0:30  Drone  
  14  0:31  Drone  
  17  0:35  Drone  
  17  0:49  Spawning Pool  
  16  0:52  Extractor  
  15  0:59  Drone  
  15  1:00  Drone  
  17  1:10  Drone  
  18  1:33  Hatchery  
  17  1:42  Drone  
  17  1:43  Overlord, Drone  
  19  1:52  Spine Crawler  
  18  1:55  Zergling x2  
  19  2:09  Drone  
  20  2:19  Queen  
  22  2:24  Zergling x2  
  22  2:25  Metabolic Boost  
  23  2:35  Roach Warren  
  22  2:37  Drone  
  23  2:45  Drone x2  
  25  2:52  Zergling x2  
  26  3:07  Drone x3  
  26  3:12  Spine Crawler  
  28  3:17  Roach  
  30  3:23  Roach x2  
  34  3:30  Drone x2  
  36  3:34  Spore Crawler  
  35  3:44  Overlord  
  35  3:56  Overlord x3  
  35  4:01  Queen  
  33  4:06  Roach x3  
  34  4:13  Roach x2  
  34  4:14  Roach  
  40  4:45  Roach x2  
  40  4:46  Roach x2  
  44  5:05  Queen  
  46  5:07  Drone  
  46  5:08  Drone  
  48  5:27  Extractor  
  47  5:29  Extractor  
  47  5:32  Queen, Spore Crawler  
  47  5:34  Drone x2  
  47  5:35  Drone x3  
  52  6:14  Roach x7  
  66  6:26  Lair  
  48  6:49  Roach x3  
  54  6:58  Extractor  
  53  7:08  Roach x4  
  59  7:09  Spine Crawler x2  
  59  7:10  Spine Crawler  
  58  7:23  Zergling x2  
  58  7:24  Zergling x12  
  65  7:50  Hydralisk Den  
  64  8:12  Overlord x5  
  64  8:15  Hatchery  
  63  8:20  Overlord x3  
  63  8:29  Spore Crawler  
  62  8:52  Hydralisk  
  62  8:53  Hydralisk x6  
  76  9:21  Glial Reconstitution  
  76  9:44  Queen  
  78  9:46  Drone x4  
  78  9:47  Drone x5  
  87  9:59  Hydralisk  
  89  10:04  Evolution Chamber  
  89  10:06  Evolution Chamber  
  87  10:37  Ravager x4  
  87  10:38  Ravager x7  
  87  11:29  Hydralisk  
  87  11:30  Hydralisk x8  
  87  11:31  Hydralisk x2  
Show
View Real Time Build Order
Export as new Build Order

Feanor Zerg - Winner!

Build Orders: Pool First 

Get SALT Encoding   

  12  0:01  Drone  
  13  0:24  Spawning Pool  
  13  0:27  Drone  
  13  0:31  Extractor  
  13  0:34  Extractor  
  11  0:35  Drone  
  12  0:43  Drone  
  12  0:46  Drone  
  14  0:58  Overlord  
  14  1:16  Queen  
  16  1:27  Zergling x2  
  16  1:29  Zergling x2  
  18  1:35  Zergling x2  
  19  1:40  Zergling x2  
  20  1:48  Metabolic Boost  
  20  2:02  Zergling x4  
  22  2:11  Overlord  
  22  2:30  Zergling x8  
  26  2:40  Zergling x2  
  27  2:47  Baneling Nest  
  27  2:49  Zergling x2  
  27  3:04  Lair  
  27  3:10  Drone  
  28  3:24  Drone  
  28  3:25  Drone  
  30  3:37  Baneling x4  
  30  3:39  Baneling  
  30  3:57  Overlord  
  30  4:08  Nydus Network  
  28  4:56  Zergling x8  
  28  4:57  Zergling x4  
  34  5:37  Nydus Canal  
  34  5:42  Drone x4  
  38  5:44  Overlord x2  
  21  6:43  Drone x5  
  26  6:54  Spire  
  26  6:55  Hatchery  
  26  6:56  Extractor  
  23  7:02  Extractor  
  22  7:53  Drone x3  
  22  7:54  Drone x6  
  22  7:56  Queen  
  33  8:15  Infestation Pit, Drone  
  33  8:16  Drone x3  
  36  8:26  Drone  
  37  9:18  Zerg Flyer Weapons Level 1  
  37  9:19  Hive  
  37  9:49  Hatchery  
  36  10:02  Drone x3  
  36  10:03  Drone x3  
  42  10:08  Overlord x4  
  42  10:30  Evolution Chamber  
  42  10:34  Evolution Chamber  
  40  10:39  Ultralisk Cavern  
  39  10:45  Drone x6  
  39  10:46  Drone x7  
  52  11:06  Viper x3  
  61  11:34  Drone x3  
  61  11:36  Extractor  
  61  11:38  Extractor  
  62  11:40  Ultralisk x3  
Tags
 
Add a new tag
Caveats
  • Supply blocks, unpowered buildings, or Contaminate may cause inaccurate times.
  • Supply counts are checked every 10 seconds.